 Dungeon Crawl Stone Soup version 0.18.1-50-g88ac8fd (webtiles) character file.

572 KarmaPolice the Slasher (level 7, -3/69 HPs)
             Began as a High Elf Gladiator on Oct 4, 2016.
             Was an Initiate of the Shining One.
             Slain by Christof's ghost (9 damage)
             ... on level 7 of the Dungeon.
             The game lasted 00:41:25 (6587 turns).

KarmaPolice the Slasher (High Elf Gladiator)        Turns: 6587, Time: 00:41:25

Health: -3/69      AC: 23    Str: 14    XL:     7   Next: 12%
Magic:  8/8        EV:  2    Int: 12    God:    the Shining One [......]
Gold:   257        SH:  0    Dex: 18    Spells: 0 memorised, 6 levels left

rFire  . . .     SeeInvis .     a - +0 long sword
rCold  . . .     Gourm    .     (armour currently unavailable)
rNeg   + + +     Faith    .     (no shield)
rPois  +         Spirit   .     (helmet currently unavailable)
rElec  .         Dismiss  .     (cloak currently unavailable)
rCorr  .         Reflect  .     (gloves currently unavailable)
SustAt .         Harm     .     (boots currently unavailable)
MR     .....     NoTele   +     (no amulet)
Stlth  +.........               (no ring)
                                (no ring)

@: tree-form, glowing, not resistant to hostile enchantments, very unstealthy
A: no striking features
a: Renounce Religion


You were on level 7 of the Dungeon.
You worshipped the Shining One.
The Shining One was noncommittal.
You were not hungry.
You were a tree.
You visited 1 branch of the dungeon, and saw 6 of its levels.

You collected 257 gold pieces.

Inventory:

Hand Weapons
 a - a +0 long sword (weapon)
 h - a +0 hunting sling
 k - a +0 mace
 o - a +0 dagger
 r - a +0 flail
 y - a +0 trident
 F - a +1 dagger of draining
 H - a +0 short sword
 I - a +0 rapier
 J - a cursed -2 whip
 S - a +0 shortbow
Missiles
 d - 3 throwing nets (quivered)
 g - 13 arrows
 i - 26 poisoned needles
 A - 7 tomahawks
Armour
 b - a +0 leather armour (melded)
 c - a +0 helmet (melded)
 f - a +0 pair of boots (melded)
 l - a +0 leather armour
 m - a +0 chain mail
 n - a +0 leather armour
 p - a +0 leather armour
 q - a +0 ring mail
 s - a +0 ring mail
 v - a +0 chain mail
 w - a +0 robe
 x - a +0 robe
 E - a +0 leather armour
 G - a +0 robe
 M - a +0 leather armour
 O - a +0 leather armour
Wands
 Q - a wand of polymorph (11/24)
Scrolls
 e - 2 scrolls of recharging
 j - 4 scrolls of teleportation {unknown}
 t - 4 scrolls of remove curse
 u - a scroll of fear {unknown}
 K - 2 scrolls of identify
 P - a scroll of immolation {unknown}
Potions
 z - a potion of curing {unknown}
 B - a potion of lignification
 C - 4 potions of heal wounds {unknown}
 D - a potion of berserk rage
 R - a potion of flight {unknown}
Books
 N - Vehumet's Incunabulum of Conjuration
   (You found it on level 4 of the Dungeon)

   Spells                             Type                      Level
   a - Force Lance                    Conjuration/Translocation    4
   b - Poisonous Cloud                Conjuration/Poison/Air       6
Comestibles
 L - 2 meat rations


   Skills:
 + Level 3.5 Fighting
 * Level 6.6 Long Blades
 + Level 2.1 Throwing
 + Level 2.5 Armour
 * Level 5.4 Dodging
 + Level 1.2 Stealth


You had 6 spell levels left.
You didn't know any spells.

Dungeon Overview and Level Annotations

Branches:
Dungeon (5/15)
 Temple: D:4-7

Altars:
Dithmenos
Elyvilon
Gozag
Kikubaaqudgha
Makhleb
Okawaru
Ru
Yredelemnul
The Shining One

Annotations:
D:7 Christof's ghost, novice MiFi


Message History

Christof's ghost is lightly damaged.
Christof's ghost hits you but does no damage.
You hit Christof's ghost but do no damage.
Christof's ghost is lightly damaged.
Christof's ghost hits you.
* * * LOW HITPOINT WARNING * * *
You hit Christof's ghost but do no damage.
Christof's ghost is lightly damaged.
Christof's ghost hits you but does no damage.
You hit Christof's ghost but do no damage.
Christof's ghost is lightly damaged.
Christof's ghost hits you but does no damage.
You hit Christof's ghost but do no damage.
Christof's ghost is lightly damaged.
Christof's ghost says, "I am made of steel!"
Christof's ghost hits you but does no damage.
You hit Christof's ghost but do no damage.
Christof's ghost is lightly damaged.
Christof's ghost hits you!
You die...

. #...### ##......#.)...##..##
##. ##.....###......###....#P.P_#
#.###.....(................#P....
...........(...............'.⌠._#
#..........###....#..###÷..#....P
#....†....## ###..#..###..##..._#
.....####.# #.###.##..####..##
.##.## ##.#####W# #....#########
....# #..##.♣# #....# #..####
....# #...#..##....###..##..
....# #.####.<..............
##..# ##.# ###..............
##.## #.## ##...#####......
##..######.# #....# #......
#.....##...# #..#.# #......
##.###.....## #..#.### #..###.
#.## ##.....# ##......# ..## ##


You could see Christof's ghost.

Vanquished Creatures
  The ghost of Amagedon88 the Chopper, an amateur MiBe of Trog (D:3)
  A centaur (D:7)
  A howler monkey (D:4)
  A crimson imp (D:7)
  A jelly (D:5)
  5 orc wizards
  3 adders
  3 oozes
  2 worms
  2 dart slugs
  2 giant geckos (D:3)
  15 orcs
  13 bats
  6 giant cockroaches
  5 goblins
  7 hobgoblins
  11 jackals
  9 kobolds
  5 quokkas
  4 giant newts
  5 rats
102 creatures vanquished.

Notes
Turn   | Place    | Note
--------------------------------------------------------------
     0 | D:1      | KarmaPolice the High Elf Gladiator began the quest for the Orb.
     0 | D:1      | Reached XP level 1. HP: 14/14 MP: 2/2
   137 | D:1      | Reached skill level 4 in Long Blades
   152 | D:1      | Reached XP level 2. HP: 19/19 MP: 3/3
   446 | D:1      | Reached XP level 3. HP: 23/24 MP: 4/4
   641 | D:1      | Found a glowing golden altar of the Shining One.
   648 | D:1      | Became a worshipper of the Shining One
  2310 | D:2      | Reached XP level 4. HP: 28/29 MP: 5/5
  2683 | D:3      | Reached skill level 1 in Armour
  2695 | D:3      | Noticed Amagedon88's ghost (amateur MiBe)
  2720 | D:3      | Killed Amagedon88's ghost
  2720 | D:3      | Reached skill level 5 in Long Blades
  2720 | D:3      | Reached XP level 5. HP: 9/35 MP: 6/6
  3070 | D:3      | Found a sacrificial altar of Ru.
  3074 | D:3      | Found a white marble altar of Elyvilon.
  3084 | D:3      | Found a burning altar of Makhleb.
  3089 | D:3      | Found a basalt altar of Yredelemnul.
  3592 | D:3      | Found an iron altar of Okawaru.
  4126 | D:3      | Reached XP level 6. HP: 41/41 MP: 7/7
  4572 | D:4      | Reached skill level 6 in Long Blades
  4572 | D:4      | Reached skill level 5 in Dodging
  4932 | D:4      | Identified Vehumet's Incunabulum of Conjuration
  5356 | D:5      | Entered Level 5 of the Dungeon
  5759 | D:5      | You fall through a shaft for 2 floors!
  5763 | D:7      | Found a shadowy altar of Dithmenos.
  5770 | D:7      | Found an ancient bone altar of Kikubaaqudgha.
  5771 | D:7      | Found an opulent altar of Gozag.
  6129 | D:7      | Reached skill level 1 in Stealth
  6320 | D:7      | Reached XP level 7. HP: 25/46 MP: 8/8
  6566 | D:7      | Noticed Christof's ghost (novice MiFi)
  6587 | D:7      | Slain by Christof's ghost

Skill      XL: |  1  2  3  4  5  6 |
---------------+-------------------+-----
Long Blades    | 4 5 6 |  6.6
Dodging        | 4 5 |  5.4
Armour         | 1 2 |  2.5
Fighting       | 3 |  3.5
Stealth        | 1 |  1.2
Throwing       | |  2.1

Action                   |  1- 3 |  4- 6 |  7- 9 || total
-------------------------+-------+-------+-------++-------
Melee: Long sword        |   151 |   180 |    14 ||   345
  Use: Scroll            |       |     4 |       ||     4
       Potion            |       |     1 |     1 ||     2
  Eat: Bread ration      |     1 |     2 |       ||     3
       Meat ration       |       |     1 |       ||     1
Armor: Leather armour    |    53 |    29 |     2 ||    84
       Skin              |       |       |     5 ||     5
Dodge: Dodged            |   132 |   138 |     3 ||   273
